 Dungeon Crawl Stone Soup version 0.27-a0-421-g7ddf969dea (webtiles) character file.

Game seed: 7381454630294459359

163 Anon1729 the Poker (level 5, -5/36 HPs)
             Began as an Octopode Gladiator on Feb 26, 2021.
             Slain by a worker ant (6 damage)
             ... on level 4 of the Dungeon.
             The game lasted 00:02:13 (3824 turns).

Anon1729 the Poker (Octopode Gladiator)             Turns: 3824, Time: 00:02:14

Health: -5/36      AC:  1    Str: 13    XL:     5   Next: 44%
Magic:  5/5        EV: 15    Int: 11    God:
Gold:   130        SH:  0    Dex: 14    Spells: 4/4 levels left

rFire    + . .     SeeInvis .   a - +0 trident
rCold    . . .     Faith    .   (no shield)
rNeg     . . .     Spirit   .   b - +0 hat
rPois    .         Reflect  .   (no amulet)
rElec    .         Harm     .   j - ring of protection from fire
rCorr    .         Rampage  .   (no ring)
Will     .....                  (no ring)
Stlth    ++........             (no ring)
HPRegen  0.12/turn              (no ring)
MPRegen  0.09/turn              (no ring)
                                (no ring)
                                (no ring)

@: lethally poisoned (-5 -> -23)
A: almost no armour, stealthy swim, amphibious, 8 rings, constrict 8, camouflage
1, gelatinous body 1
a: no special abilities


You were on level 4 of the Dungeon.
You visited 1 branch of the dungeon, and saw 4 of its levels.

You collected 130 gold pieces.

Inventory:

Hand Weapons
 a - a +0 trident (weapon)
Missiles
 c - 3 throwing nets (quivered)
Armour
 b - a +0 hat (worn)
Jewellery
 j - a ring of protection from fire (left tentacle)
Scrolls
 f - 3 scrolls of enchant weapon {unknown}
 g - 3 scrolls of teleportation {unknown}
 h - 5 scrolls of identify {unknown}
 k - 2 scrolls of magic mapping {unknown}
 m - 3 scrolls of blinking {unknown}
 o - a scroll of random uselessness {unknown}
 p - a scroll of immolation {unknown}
Potions
 d - 3 potions of curing {unknown}
 e - a potion of attraction {unknown}
 i - a potion of heal wounds {unknown}
 l - 2 potions of degeneration {unknown}
 n - a potion of invisibility {unknown}
 q - 2 potions of cancellation
 r - 2 potions of magic
 s - a potion of ambrosia {unknown}


   Skills:
 + Level 3.5 Fighting
 + Level 4.2 Polearms
 - Level 2.0 Throwing
 + Level 4.1 Dodging


You had 4 spell levels left.
You didn't know any spells.
Your spell library was empty.

Dungeon Overview and Level Annotations

Branches:
Dungeon (4/15)
 Temple: D:4-7

Altars:
Dithmenos


Innate Abilities, Weirdness & Mutations

You cannot wear most types of armour.
You are very stealthy in the water. (Stealth+)
You are amphibious.
You can wear up to eight rings at the same time.
You can use your tentacles to constrict eight enemies at once.
Your skin changes colour to match your surroundings (Stealth+).
Your rubbery body absorbs attacks. (AC +1, EV +1)


Message History

A worker ant comes into view.
You reach to attack!
The helpless worker ant fails to defend itself.
You hit the worker ant but do no damage.
You hit the worker ant. You grab the worker ant.
Your squeeze misses the worker ant.
The worker ant is lightly wounded.
You constrict the worker ant, but do no damage.
The worker ant closely misses you. The worker ant bites you!
You barely miss the worker ant.
The worker ant is lightly wounded.
You constrict the worker ant. The worker ant bites you.
You are poisoned.
The worker ant poisons you! The worker ant bites you.
The worker ant completely misses you. The worker ant bites you.
You are more poisoned.
The worker ant poisons you!
You are too injured to fight recklessly!
You hit the worker ant but do no damage.
You squeeze the worker ant.
The worker ant is moderately wounded.
You constrict the worker ant, but do no damage.
You feel sick. The worker ant bites you.
* * * LOW HITPOINT WARNING * * *
The worker ant misses you.
It was a potion of cancellation.
You feel magically purged.
You constrict the worker ant. The worker ant barely misses you.
The worker ant closely misses you.
You release your grip on the worker ant.
You feel sick.
It was a potion of magic.
Magic courses through your body.
You feel sick. The worker ant bites you.
* * * LOW HITPOINT WARNING * * *
The worker ant bites you.
* * * LOW HITPOINT WARNING * * *
The worker ant bites you.
* * * LOW HITPOINT WARNING * * *
You are more poisoned.
The worker ant poisons you! The worker ant bites you.
You die...

####### ......#
############......#
#..>.....$@B.......
#.#........B.......
#...###############
#######...#
......'...#
#######...#
#######...#
......#...#
#####.#####


You could see 2 worker ants.

Vanquished Creatures
  A worker ant (D:4)
  6 adders
  3 worms
  2 leopard geckos (D:3)
  2 orcs
  4 bats
  3 giant cockroaches
  9 goblins
  8 hobgoblins
  8 jackals
  2 quokkas
  2 ball pythons
  2 frilled lizards (D:1)
  8 kobolds
  12 rats
72 creatures vanquished.

Notes
Turn   | Place    | Note
-------+----------+-------------------------------------------
     0 | D:1      | Anon1729 the Octopode Gladiator began the quest for the
                  | Orb.
     0 | D:1      | Reached XP level 1. HP: 14/14 MP: 1/1
   385 | D:1      | Reached XP level 2. HP: 19/19 MP: 2/2
   704 | D:1      | Reached XP level 3. HP: 25/25 MP: 3/3
  1879 | D:2      | Reached XP level 4. HP: 30/30 MP: 4/4
  1948 | D:2      | Found a shadowy altar of Dithmenos.
  3117 | D:3      | Reached XP level 5. HP: 32/36 MP: 5/5
  3824 | D:4      | HP: 1/36 [worker ant (5)]
  3824 | D:4      | Slain by a worker ant

Illustrated notes

Levels and vault maps discovered:
D:1:      noname_arrival_rooms_in_the_neighbourhood, layout_basic,
          serial_co_window_serial, co_window_of_opportunity_a,
          co_window_paths_b, co_window_of_opportunity_a, co_window_paths_b,
          co_window_paths_a, co_window_corner_a, co_window_unsneaky_path_a,
          co_window_corner_b, co_window_2corner, co_window_corner_ca,
          minmay_indecisive_spiral
D:2:      layout_loops_corners, grunt_dithmenos_smoke
D:3:      layout_basic
D:4:      layout_basic, serial_curves, eino_curves_02, eino_curves_04

Skill      XL: |  1  2  3  4 |
---------------+-------------+-----
Fighting       | 3 |  3.5
Polearms       | 4 |  4.2
Dodging        | 4 |  4.1
Throwing       | |  2.0

Action                   |  1- 3 |  4- 6 || total
-------------------------+-------+-------++-------
Melee: Trident           |    86 |    84 ||   170
       Constrict         |    19 |    18 ||    37
       Tentacles         |    12 |    12 ||    24
  Use: Potion            |       |     2 ||     2
 Stab: Sleeping          |    10 |     8 ||    18
Armor: Skin              |     2 |     1 ||     3
Dodge: Dodged            |    46 |    39 ||    85

Table legend: (Time is in decaauts)
 A = Elapsed time spent in this place.
 B = Non-inter-level travel time spent in this place.
 C = Inter-level travel time spent in this place.
 D = Time resting spent in this place.
 E = Time spent auto-exploring this place.
 F = Levels seen in this place.
 G = Mean time per level.
                   A        B        C        D        E       F      G
               +--------+--------+--------+--------+--------+-----+--------+
         Total |   3843 |   3786 |     57 |    458 |   2913 |   4 |  960.8 |
       Dungeon |   3843 |   3786 |     57 |    458 |   2913 |   4 |  960.8 |
               +--------+--------+--------+--------+--------+-----+--------+

Top non-repeatable levels by time:
     D:3: 1323 daAuts
     D:1: 1290 daAuts
     D:2: 1147 daAuts
     D:4: 81 daAuts
